 Dungeon Crawl Stone Soup version 0.16-a0-747-geaeaf20 (webtiles) character file.

9694 Afay the Thaumaturge (level 11, -28/68 HPs)
             Began as a Mummy Wizard on Sept 23, 2014.
             Was a Believer of Sif Muna.
             Killed from afar by Harold (31 damage)
             ... with a bolt of fire
             ... on Level 3 of the Orcish Mines.
             The game lasted 01:19:40 (15231 turns).

Afay the Thaumaturge (Mummy Wizard)                Turns: 15231, Time: 01:19:40

HP -28/68        AC  9     Str 10      XL: 11   Next: 26%
MP  12/28        EV 12     Int 20      God: Sif Muna [**....]
Gold 904         SH  0     Dex 10      Spells:  8 memorised,  9 levels left

rFire  x . .     SeeInvis .     F - +2 falchion of True Grit {venom, rPois rC+ MR+}
rCold  + + .     Clarity  .     t - +2 robe {MR+}
rNeg   + + +     rCorr    .     (no shield)
rPois  +         rRot     +     D - +0 helmet
rElec  .         Spirit   .     e - +0 cloak
SustAb .         Warding  .     v - +0 pair of gloves
rMut   .         Stasis   .     d - +1 pair of boots
Gourm  .                        (no amulet)
MR     ++++.                    r - ring of regeneration
                                j - ring of protection from magic

@: repel missiles, incredibly resistant to hostile enchantments, unstealthy
A: no food or potions, fire vulnerability, restore body, cold resistance 1,
negative energy resistance 3, poison resistance, torment resistance, unbreathing
a: Channel Energy, Forget Spell, Renounce Religion


You were on level 3 of the Orcish Mines.
You worshipped Sif Muna.
Sif Muna was pleased with you.
You were not hungry.

You visited 3 branches of the dungeon, and saw 15 of its levels.
You also visited: Ossuary.

You collected 1044 gold pieces.
You spent 140 gold pieces at shops.

Inventory:

Hand weapons
 F - the +2 falchion of True Grit (weapon) {venom, rPois rC+ MR+}
   (You found it on level 8 of the Dungeon)

   It poisons the flesh of those it strikes.
   It protects you from cold.
   It protects you from poison.
   It affects your resistance to hostile enchantments.
 I - a +4 quarterstaff
Armour
 d - a +1 pair of boots (worn)
 e - a +0 cloak (worn)
 t - a +2 robe of magic resistance (worn)
 v - a +0 pair of gloves (worn)
 D - a +0 helmet (worn)
Magical devices
 b - a wand of magic darts (11) {unknown}
 m - a wand of polymorph (2)
 u - a wand of fire (0)
 w - a wand of flame (18) {unknown}
 y - a wand of frost (4)
 z - a wand of paralysis (12) {unknown}
 E - a wand of digging (14) {unknown}
Scrolls
 f - 3 scrolls of magic mapping
 h - 4 scrolls of recharging
 i - a scroll of summoning {unknown}
 k - 3 scrolls of immolation {unknown}
 l - 2 scrolls of identify
 n - a scroll of blinking
 o - a scroll of fog {unknown}
 p - 2 scrolls of amnesia
 q - 4 scrolls of remove curse
 s - 2 scrolls of teleportation {unknown}
 x - a scroll of fear {unknown}
 A - a scroll of silence {unknown}
 B - a scroll of enchant weapon {unknown}
 C - 2 scrolls of enchant armour
Jewellery
 j - a ring of protection from magic (left hand)
 r - a ring of regeneration (right hand)
Books
 a - the Compendium of Contamination
   (You found it on level 8 of the Dungeon)

   Spells                             Type                      Level
   Sting                              Conjuration/Poison           1
   *Mephitic Cloud                    Conjuration/Poison/Air       3
   Spider Form                        Transmutation/Poison         3
   *Olgreb's Toxic Radiance           Poison                       4
 c - a book of Minor Magic

   Spells                             Type                      Level
   *Magic Dart                        Conjuration                  1
   *Blink                             Translocation                2
   *Call Imp                          Summoning                    2
   *Repel Missiles                    Charms/Air                   2
   Slow                               Hexes                        2
   *Conjure Flame                     Conjuration/Fire             3
   *Mephitic Cloud                    Conjuration/Poison/Air       3
 g - a book of Cantrips

   Spells                             Type                      Level
   Corona                             Hexes                        1
   *Animate Skeleton                  Necromancy                   1
   Summon Small Mammal                Summoning                    1
   Apportation                        Translocation                1
 G - a book of the Earth

   Spells                             Type                      Level
   Leda's Liquefaction                Hexes/Earth                  4
   Bolt of Magma                      Conjuration/Fire/Earth       5
   Statue Form                        Transmutation/Earth          6
   Iron Shot                          Conjuration/Earth            6
   Shatter                            Earth                        9
Magical staves
 J - an uncursed staff of air {unknown}
Miscellaneous
 H - a phial of floods


   Skills:
 - Level 2.0 Long Blades
 - Level 1.5 Dodging
 - Level 1.5 Stealth
 * Level 8.7 Spellcasting
 - Level 7.0 Conjurations
 - Level 3.5 Summonings
 - Level 0.4 Necromancy
 - Level 5.0 Translocations
 - Level 3.0 Fire Magic
 - Level 3.0 Air Magic
 - Level 5.2 Poison Magic
 - Level 5.0 Invocations


You had 9 spell levels left.
You knew the following spells:

 Your Spells              Type           Power        Failure   Level  Hunger
a - Magic Dart            Conj           ####         1%          1    N/A
b - Blink                 Tloc           N/A          1%          2    N/A
c - Call Imp              Summ           ###.....     2%          2    N/A
d - Repel Missiles        Chrm/Air       ##....       10%         2    N/A
e - Mephitic Cloud        Conj/Pois/Air  ####....     3%          3    N/A
f - Animate Skeleton      Necr           N/A          10%         1    N/A
g - Conjure Flame         Conj/Fire      ####....     3%          3    N/A
h - Olgreb's Toxic Radia  Pois           ####....     12%         4    N/A

Dungeon Overview and Level Annotations

Branches:
Dungeon (11/15)            Temple (1/1) D:4             Orc (3/4) D:9
   Lair (0/8) D:10
    Elf: Orc:3-4

Altars:
Ashenzari
Cheibriados
Dithmenos
Elyvilon
Fedhas
Gozag
Kikubaaqudgha
Makhleb
Nemelex Xobeh
Okawaru
Qazlal
Ru
Sif Muna
Trog
Vehumet
Xom
Yredelemnul
Zin
The Shining One

Shops:
D:9 *(}(   Orc:2 (

Annotations:
Orc:3 Harold


Innate Abilities, Weirdness & Mutations

You do not eat or drink.
Your flesh is vulnerable to fire.
Your flesh is cold resistant.
You are immune to negative energy.
Your system is resistant to poisons.
You are immune to unholy pain and torment.
You can survive without breathing.


Message History

Harold points at you and mumbles some strange words.
The bolt of fire misses you.
Casting: Magic Dart
Confirm with . or Enter, or press ? or * to list all spells.
Aiming: Magic Dart
Press: ? - help, Shift-Dir - straight line, f/p - Harold
Aim: Harold, wielding a runed war axe and wearing a ring mail (flame, heavily wounded, poisoned)
The magic dart hits Harold.
Harold is heavily wounded.
Harold is engulfed in roaring flames.
Harold casts a spell at you. The bolt of fire hits you!
The fire burns you terribly!
Ouch! That really hurt!
* * * LOW HITPOINT WARNING * * *
Casting: Magic Dart
Confirm with . or Enter, or press ? or * to list all spells.
You blink.
Harold is engulfed in roaring flames.
Harold casts a spell at you. The bolt of fire hits you!
The fire burns you terribly!
You die...

.. ...$ ##
##....#
##.#...... .#
.....o##) o...
###.#..).#. ...##
#.......#.##.....
#.@.@....#.>..#
##.#..))...#
####..ยง..#
#...)..(#
###...(.##
#..#...# ####..##
#.<.# ##.##


You could see Harold and an orc.

Vanquished Creatures
  An unseen horror (D:11)
  Pikel (D:5)
  Maurice (D:8)
  A troll (shapeshifter) (D:10)
  2 trolls
  Prince Ribbit (D:5)
  A deep elf mage (D:9)
  13 yaks
  2 hippogriffs (D:11)
  A wyvern (D:8)
  A deep elf fighter (D:10)
  A hungry ghost (D:5)
  Menkaure (D:7)
  A warg (Orc:2)
  A water moccasin (D:9)
  A slave (D:5)
  3 ice beasts
  3 sky beasts
  A phantom (D:5)
  3 orc warriors
  5 centaurs
  5 ogres
  3 giant frogs
  An eye of draining (D:9)
  2 scorpions
  A troll skeleton (D:10)
  4 yak skeletons (D:10)
  Dowan (D:4)
  A crimson imp (D:10)
  A jelly (D:11)
  3 goliath beetles
  9 orc priests
  12 orc wizards
  2 iguanas
  Natasha (D:6)
  A human skeleton (D:11)
  6 worker ants
  A killer bee zombie (D:10)
  An ogre zombie (D:6)
  Ijyb (D:7)
  A crocodile skeleton (D:6)
  6 mummies (Ossuary)
  A worker ant zombie (D:5)
  5 adders
  5 green rats (D:10)
  A giant mite (D:4)
  3 worms
  A shadow imp (D:5)
  An iguana zombie (D:8)
  59 orcs
  A bat skeleton (D:4)
  8 goblins
  18 hobgoblins
  15 jackals
  16 bats
  6 giant cockroaches
  6 giant geckos
  10 giant newts
  A giant newt skeleton (D:5)
  2 giant spores (D:10)
  4 hobgoblin zombies (Ossuary)
  A jackal skeleton (D:7)
  14 kobolds
  A kobold zombie (Ossuary)
  8 orc skeletons
  3 orc zombies (Ossuary)
  22 rats
  2 rat skeletons (D:10)
  3 ballistomycetes (D:10)
325 creatures vanquished.

Vanquished Creatures (collateral kills)
  A hill giant (D:11)
  Joseph (D:11)
  A wraith (D:11)
  A hippogriff (D:10)
  A yak (D:10)
  A hungry ghost (D:10)
  A warg (Orc:2)
  2 ice beasts
  A necrophage (D:8)
  Duvessa (D:4)
  A giant frog (D:5)
  A troll skeleton (D:8)
  3 hounds
  The ghost of SnowFan the Ruinous, a weakling DECj (D:4)
  4 orc priests
  An orc wizard (D:8)
  A worker ant (D:8)
  Jessica (D:3)
  A human skeleton (D:5)
  Terence (D:2)
  2 mummies (Ossuary)
  2 adders
  A worm (D:2)
  A giant gecko (D:4)
  2 oozes
  8 orcs
  A bat skeleton (D:5)
  A giant cockroach (D:5)
  A goblin (D:4)
  A jackal (D:8)
  A hobgoblin skeleton (D:11)
  A kobold (D:2)
  3 rats (D:10)
  A plant (D:10)
52 creatures vanquished.

Vanquished Creatures (others)
  A hippogriff skeleton (D:11)
  A yak skeleton (D:10)
  4 crimson imps
  A hound (D:5)
  An orc priest (D:10)
  An orc wizard (D:10)
  An ogre skeleton (D:10)
  3 shadow imps
  6 white imps
  4 bat skeletons
  A giant gecko skeleton (D:10)
  2 green rat skeletons (D:10)
  2 hobgoblin skeletons
  3 jackal skeletons
  16 orc skeletons
  A rat (D:10)
  3 rat skeletons
51 creatures vanquished.

Grand Total: 428 creatures vanquished

Notes
Turn   | Place    | Note
--------------------------------------------------------------
     0 | D:1      | Afay, the Mummy Wizard, began the quest for the Orb.
     0 | D:1      | Reached XP level 1. HP: 13/13 MP: 4/4
   199 | D:1      | Reached skill level 1 in Conjurations
   557 | D:1      | Reached XP level 2. HP: 13/19 MP: 0/6
   614 | D:1      | Learned a level 2 spell: Blink
   617 | D:1      | Learned a level 2 spell: Call Imp
   620 | D:1      | Learned a level 2 spell: Repel Missiles
  1487 | D:2      | Reached XP level 3. HP: 24/24 MP: 2/7
  2018 | D:2      | Found a burning altar of Makhleb.
  2018 | D:2      | Noticed a balrug
  2383 | D:2      | Reached skill level 1 in Summonings
  2644 | D:2      | Noticed Terence
  2658 | D:2      | Killed Terence
  2658 | D:2      | Reached XP level 4. HP: 30/30 MP: 2/9
  3371 | D:3      | Found a glowing silver altar of Zin.
  3372 | D:3      | Found a shimmering altar of Xom.
  3394 | D:3      | Found a shimmering altar of Xom.
  3394 | D:3      | Found a shimmering altar of Xom.
  3555 | D:3      | Noticed Jessica
  3565 | D:3      | Killed Jessica
  4109 | D:3      | Reached XP level 5. HP: 17/35 MP: 0/11
  4199 | D:3      | Learned a level 3 spell: Mephitic Cloud
  4542 | D:4      | Noticed Duvessa
  4548 | D:4      | Noticed Dowan
  4551 | D:4      | Killed Duvessa
  4570 | D:4      | Killed Dowan
  4590 | D:4      | Got a transparent leather armour
  4724 | D:4      | Noticed SnowFan's ghost (weakling DECj)
  4757 | D:4      | Killed SnowFan's ghost
  4851 | D:4      | Noticed an ogre
  4861 | D:4      | Killed an ogre
  4861 | D:4      | Reached XP level 6. HP: 41/41 MP: 1/13
  4867 | D:4      | Learned a level 1 spell: Animate Skeleton
  5000 | D:4      | Found a staircase to the Ecumenical Temple.
  5010 | Temple   | Entered the Ecumenical Temple
  5191 | D:4      | Reached skill level 4 in Spellcasting
  5912 | D:4      | Found a white marble altar of Elyvilon.
  5950 | D:5      | Entered Level 5 of the Dungeon
  6068 | D:5      | Noticed Prince Ribbit
  6548 | D:5      | Reached skill level 5 in Spellcasting
  6548 | D:5      | Reached XP level 7. HP: 46/46 MP: 3/18
  6729 | D:5      | Noticed a hungry ghost
  6766 | D:5      | Killed a hungry ghost
  6918 | D:5      | Killed Prince Ribbit
  6997 | D:5      | Noticed Pikel
  7018 | D:5      | Killed Pikel
  7018 | D:5      | Reached skill level 6 in Conjurations
  7018 | D:5      | Reached XP level 8. HP: 14/52 MP: 14/20
  7091 | D:5      | Reached skill level 1 in Air Magic
  7091 | D:5      | Reached skill level 1 in Poison Magic
  7137 | D:5      | Found a snail-covered altar of Cheibriados.
  7175 | D:5      | Found a sparkling altar of Nemelex Xobeh.
  7829 | D:6      | Learned a level 3 spell: Conjure Flame
  8027 | D:6      | Noticed Natasha
  8034 | D:6      | Killed Natasha
  8120 | D:6      | Found a bloodstained altar of Trog.
  8282 | D:6      | Reached skill level 1 in Fire Magic
  8472 | D:7      | Reached XP level 9. HP: 57/57 MP: 7/21
  8493 | D:7      | Reached skill level 1 in Translocations
  8751 | D:7      | Noticed Menkaure
  8765 | D:7      | Killed Menkaure
  8883 | D:7      | Noticed Ijyb
  8914 | D:7      | Killed Ijyb
  9376 | D:8      | Found a sand-covered staircase.
  9389 | Ossuary  | Entered an ossuary
 10121 | D:8      | Got a crude falchion
 10122 | D:8      | Identified the +2 falchion of True Grit {venom, rPois rC+ MR+} (You found it on level 8 of the Dungeon)
 10127 | D:8      | Noticed Maurice
 10142 | D:8      | Killed Maurice
 10144 | D:8      | Found a sacrificial altar of Ru.
 10226 | D:8      | Reached skill level 1 in Long Blades
 10572 | D:8      | Found a stormy altar of Qazlal.
 10928 | D:8      | Reached skill level 5 in Translocations
 11008 | D:8      | Identified the Compendium of Contamination
 11014 | D:8      | Learned a level 4 spell: Olgreb's Toxic Radiance
 11372 | D:9      | Found Leupa's Assorted Antiques.
 11468 | D:9      | Bought a scroll labeled STIPHOFEAST for 20 gold pieces
 11468 | D:9      | Bought a runed ivory amulet for 100 gold pieces
 11468 | D:9      | Bought a scroll labeled EFILAN AGEKHLOW for 20 gold pieces
 11499 | D:9      | Found a staircase to the Orcish Mines.
 11609 | D:9      | Found Itat's Gadget Shop.
 11668 | D:9      | Found a radiant altar of Vehumet.
 11733 | D:9      | Found Mnappil's Weapon Emporium.
 11755 | D:9      | Reached XP level 10. HP: 54/63 MP: 17/23
 12127 | D:9      | Found a deep blue altar of Sif Muna.
 12135 | D:9      | Became a worshipper of Sif Muna the Loreminder
 12201 | D:9      | Reached skill level 5 in Poison Magic
 12445 | D:9      | Found Waexkiaj's Antique Weapon Emporium.
 12489 | D:9      | Found a shadowy altar of Dithmenos.
 12636 | D:10     | Entered Level 10 of the Dungeon
 12641 | D:10     | Acquired Sif Muna's first power
 12876 | D:10     | Reached skill level 1 in Invocations
 12876 | D:10     | Reached skill level 7 in Spellcasting
 12988 | D:10     | Found a staircase to the Lair.
 13686 | D:11     | Got a shimmering amber ring
 13687 | D:11     | Identified the cursed ring "Iryafypp" {Ice Str+3 Dex+3 Stlth++} (You found it on level 11 of the Dungeon)
 13723 | D:11     | Reached skill level 5 in Invocations
 13925 | D:11     | Killed an unseen horror
 13925 | D:11     | Reached XP level 11. HP: 68/68 MP: 24/26
 14088 | D:11     | Noticed Joseph
 14111 | D:11     | Killed Joseph
 14111 | D:11     | Acquired Sif Muna's second power
 14215 | D:11     | Your ally Joseph died
 14349 | D:11     | Noticed a hill giant
 14365 | D:11     | Killed a hill giant
 14365 | D:11     | Reached skill level 8 in Spellcasting
 14640 | Orc:1    | Entered Level 1 of the Orcish Mines
 14829 | Orc:2    | Found Yntiz's Antique Weapon Shoppe.
 15220 | Orc:3    | Noticed Harold
 15230 | Orc:3    | HP: 2/68 [Harold/bolt of fire (48)]
 15231 | Orc:3    | Killed from afar by Harold

Action                   |  1- 3 |  4- 6 |  7- 9 | 10-12 || total
-------------------------+-------+-------+-------+-------++-------
Melee: Dagger            |    43 |    47 |    76 |       ||   166
       Unarmed           |    11 |       |       |       ||    11
       Short sword       |       |     2 |   114 |       ||   116
       Falchion          |       |       |    66 |   168 ||   234
 Cast: Magic Dart        |    89 |   116 |   147 |   106 ||   458
       Repel Missiles    |     1 |     2 |     2 |     2 ||     7
       Call Imp          |     7 |    16 |    12 |     1 ||    36
       Mephitic Cloud    |       |     7 |    43 |    54 ||   104
       Animate Skeleton  |       |    11 |    32 |    61 ||   104
       Blink             |       |     7 |       |     5 ||    12
       Conjure Flame     |       |       |    11 |    26 ||    37
       Olgreb's Toxic Ra |       |       |       |    29 ||    29
Invok: Channel Energy    |       |       |       |   115 ||   115
  Use: Scroll            |     6 |     1 |     7 |     3 ||    17
 Stab: Confused          |       |     5 |    15 |    10 ||    30
       Distracted        |       |     1 |       |       ||     1
       Sleeping          |       |       |     1 |       ||     1
